 Dungeon Crawl Stone Soup version 0.18-a0-1702-gd20c6a5 (webtiles) character file.

242 MenacingMecha the Chiller (level 6, -6/41 HPs)
             Began as a Merfolk Ice Elementalist on Apr 6, 2016.
             Killed from afar by an orc wizard (8 damage)
             ... with a puff of flame
             ... on level 3 of the Dungeon.
             The game lasted 00:21:32 (3759 turns).

MenacingMecha the Chiller (MfIE)                    Turns: 3759, Time: 00:21:33

Health: -6/41      AC:  4    Str: 10    XL:     6   Next: 9%
Magic:  0/10       EV: 12    Int: 14    God:
Gold:   236        SH:  3    Dex: 15    Spells: 2 memorised, 6 levels left

rFire  . . .     SeeInvis .     q - -1 spear (curse)
rCold  . . .     Gourm    .     a - +0 robe
rNeg   + . .     Faith    .     h - +0 buckler
rPois  .         Spirit   .     l - +1 helmet
rElec  .         Dismiss  .     (no cloak)
rCorr  .         Reflect  .     (no gloves)
SustAt .         Harm     .     (no boots)
MR     .....                    (no amulet)
Stlth  ++........               (no ring)
                                p - ring of positive energy

@: not resistant to hostile enchantments, unstealthy
A: change form in water, swift swim
a: no special abilities


You were on level 3 of the Dungeon.
You were not hungry.

You visited 1 branch of the dungeon, and saw 4 of its levels.

You collected 236 gold pieces.

Inventory:

Hand Weapons
 d - a +0 hand axe
 q - a cursed -1 spear (weapon)
Armour
 a - a +0 robe (worn)
 h - a +0 buckler (worn)
 l - a +1 helmet (worn)
Jewellery
 p - a ring of positive energy (left hand)
 t - an uncursed ring of protection from cold {unknown}
 v - an uncursed ring of ice {unknown}
Scrolls
 e - a scroll of remove curse {unknown}
 f - 3 scrolls of enchant weapon {unknown}
 g - a scroll of immolation {unknown}
 k - 4 scrolls of identify {unknown}
 o - 3 scrolls of recharging {unknown}
 r - a scroll of enchant armour {unknown}
 u - a scroll of teleportation {unknown}
Potions
 n - 2 potions of curing {unknown}
 s - a potion of ambrosia {unknown}
Books
 b - a book of Frost

   Spells                             Type                      Level
   a - Freeze                         Ice                          1
   b - Throw Frost                    Conjuration/Ice              2
   c - Ozocubu's Armour               Charms/Ice                   3
   d - Throw Icicle                   Conjuration/Ice              4
   e - Summon Ice Beast               Ice/Summoning                4
 w - a book of the Tempests

   Spells                             Type                      Level
   a - Static Discharge               Conjuration/Air              3
   b - Lightning Bolt                 Conjuration/Air              5
   c - Fireball                       Conjuration/Fire             5
   d - Tornado                        Air                          9
   e - Shatter                        Earth                        9
Comestibles
 c - 3 bread rations
 i - 2 meat rations
 j - 4 chunks of flesh
 m - a slice of pizza


   Skills:
 - Level 2.6 Dodging
 - Level 2.1 Stealth
 - Level 3.2 Spellcasting
   Level 0.7 Conjurations
 + Level 2.7 Summonings
 + Level 5.5 Ice Magic


You had 6 spell levels left.
You knew the following spells:

 Your Spells              Type           Power        Failure   Level  Hunger
a - Freeze                Ice            ###.         4%          1    #......
b - Summon Ice Beast      Ice/Summ       ##......     77%         4    #####..


Dungeon Overview and Level Annotations

Branches:
Dungeon (4/15)
 Temple: D:4-7

Altars:
Pakellas
Yredelemnul

Annotations:
D:3 1 runed door
D:4 ogre


Message History

Aiming: Freeze
Press: ? - help, Shift-Dir - straight line, f/p - orc wizard
Aim: an orc wizard, wielding a dagger and wearing a robe (heavily wounded, fast)
You freeze the orc wizard.
The orc wizard is severely wounded.
The orc wizard barely misses you.
Casting: Freeze
Confirm with . or Enter, or press ? or * to list all spells.
You don't have enough magic to cast that spell.
You hit the orc wizard.
The orc wizard is almost dead.
The orc wizard points at you and mumbles some strange words.
The puff of flame hits you!
* * * LOW HITPOINT WARNING * * *
The orc wizard completely misses you.
You barely miss the orc wizard.
The orc wizard is almost dead.
The orc wizard points at you and mumbles some strange words.
The puff of flame hits you!
You die...

# #.......####'## # ########
#.......# #.#. #8.....####
#.......####.#. #.........#
#.............. ## ##........#
#.............. .# ..#.###....#
#.............. .# _.#.+p#..[.#
##........รท.... .#
..#.###..>.#####............. .#
###........o@..'.............
.#####.........#####.............
.....#8.......># #.............
...............#####.............
...................#.............
..#######........................
..# #........................
..#############......###.........
.........# #......###########.


You could see an orc wizard and a neutral human.

Vanquished Creatures
  A hound (D:4)
  2 orc wizards (D:3)
  4 adders
  2 oozes
  A worm (D:2)
  3 dart slugs
  3 giant geckos (D:1)
  12 orcs
  6 giant cockroaches
  5 hobgoblins
  8 jackals
  8 kobolds
  11 bats
  2 giant newts
  10 goblins
  10 rats
  A fungus (D:2)
89 creatures vanquished.

Vanquished Creatures (others)
  A rat (D:1)
1 creature vanquished.

Grand Total: 90 creatures vanquished

Notes
Turn   | Place    | Note
--------------------------------------------------------------
     0 | D:1      | MenacingMecha the Merfolk Ice Elementalist began the quest for the Orb.
     0 | D:1      | Reached XP level 1. HP: 13/13 MP: 3/3
   177 | D:1      | Reached XP level 2. HP: 16/19 MP: 5/5
   692 | D:1      | Reached XP level 3. HP: 23/24 MP: 7/7
  1087 | D:1      | Reached skill level 4 in Ice Magic
  1570 | D:2      | Reached XP level 4. HP: 23/30 MP: 8/8
  1728 | D:2      | Learned a level 4 spell: Summon Ice Beast
  2066 | D:2      | Found an oddly glowing altar of Pakellas.
  2405 | D:3      | Reached skill level 1 in Summonings
  2840 | D:3      | Noticed a human
  2841 | D:3      | Found a runed door.
  2846 | D:3      | Reached XP level 5. HP: 35/35 MP: 5/9
  2905 | D:3      | Found a basalt altar of Yredelemnul.
  2989 | D:3      | Reached skill level 5 in Ice Magic
  3396 | D:4      | Noticed an ogre
  3750 | D:3      | Reached XP level 6. HP: 19/41 MP: 5/10
  3758 | D:3      | HP: 2/41 [orc wizard/puff of flame (3)]
  3759 | D:3      | Killed from afar by an orc wizard

Vault maps used:
D:1:      shiori_arrival_oz
D:2:      minmay_gold_behind_fungi, grunt_pakellas_basics
D:3:      st_stairs_10, dk_yredelemnul_ordeal
D:4:      kennysheep_generic_room_5, uniq_pikel

Skill      XL: |  1  2  3  4  5 |
---------------+----------------+-----
Ice Magic      | 4 5 |  5.5
Spellcasting   | 3 |  3.2
Summonings     | 1 2 |  2.7
Dodging        | |  2.6
Stealth        | |  2.1
Conjurations   | |  0.7

Action                   |  1- 3 |  4- 6 || total
-------------------------+-------+-------++-------
Melee: Hand axe          |   119 |       ||   119
       Unarmed           |     6 |       ||     6
       Spear             |    11 |   206 ||   217
 Cast: Freeze            |    12 |    42 ||    54
 Stab: Sleeping          |     3 |     8 ||    11
       Distracted        |       |     1 ||     1
  Eat: Chunk             |     2 |     8 ||    10
